 Dungeon Crawl Stone Soup version 0.30-a0-996-ga6910c8ee8 (webtiles) character file.

Game seed: 6912960982922066167

35 Dirtsage the Chopper (level 3, 12/43 HPs)
             Began as a Demonspawn Berserker on Apr 4, 2023.
             Was a Follower of Trog.
             Quit the game on level 2 of the Dungeon.
             The game lasted 00:01:34 (284 turns).

Dirtsage the Chopper (Demonspawn Berserker)          Turns: 284, Time: 00:01:35

Health: 12/43      AC:  2    Str: 19    XL:     3   Next: 16%
Magic:  3/3        EV: 12    Int:  8    God:    Trog [*.....]
Gold:   13         SH:  0    Dex: 12    Spells: 2/2 levels left

rFire   . . .      SeeInvis .    a - +0 hand axe
rCold   . . .      Faith    .    (no shield)
rNeg    . . .      Spirit   .    b - +0 animal skin
rPois   .          Reflect  .    (no helmet)
rElec   .          Rampage  .    (no cloak)
rCorr   .                        (no gloves)
Will    .....                    (no boots) Stlth
                                 (no amulet)
HPRegen 0.27/turn                (no ring)
MPRegen 0.08/turn                (no ring)

@: berserking, seriously poisoned (12 -> 4), very quick
A: demonic magic 1, weakness stinger 1
a: Renounce Religion, Berserk


You were on level 2 of the Dungeon.
You worshipped Trog.
Trog was aware of your devotion.
You visited 1 branch of the dungeon, and saw 2 of its levels.

You collected 13 gold pieces.

Inventory:

Hand Weapons
 a - a +0 hand axe (weapon)
Armour
 b - a +0 animal skin (worn)
Scrolls
 d - a scroll of teleportation {unknown}
 e - a scroll of identify {unknown}
Potions
 c - 2 potions of lignification {unknown}


   Skills:
 - Level 3.0 Fighting
 + Level 3.9 Axes
 - Level 1.7 Armour
 - Level 1.7 Dodging


You had 2 spell levels left.
You didn't know any spells.
Your spell library was empty.

Dungeon Overview and Level Annotations

Branches:
Dungeon (1/15)

Altars:

Shops:
D:2 (


Innate Abilities, Weirdness & Mutations

Spells you cast may paralyse adjacent enemies.
You have a small tail.


Message History

The adder bites you.
You are poisoned.
The adder poisons you! The adder bites you.
You are more poisoned.
The adder poisons you!
You take 7 damage, and have 17/24 hp.
MASSIVE DAMAGE!!
You hit the adder.
The adder is heavily wounded.
You feel very sick. The adder bites you.
You take 4 damage, and have 13/24 hp.
You are too injured to fight recklessly!
You are too injured to fight recklessly!
You are too injured to fight recklessly!
You barely miss the adder.
The adder is heavily wounded.
You feel sick. The adder barely misses you. x2
You take 2 damage, and have 11/24 hp.
You don't know any spells.
A red film seems to cover your vision as you go berserk!
You feel yourself moving faster!
You feel mighty!
You feel sick. The adder bites you.
You are more poisoned.
The adder poisons you!
You now have 13/36 hp.
You closely miss the adder.
Your tail-slap misses the adder.
The adder is heavily wounded.
You feel sick. The adder misses you.
You take 2 damage, and have 11/36 hp.
You slash the adder!
You kill the adder!
Trog accepts your kill.
You feel sick.
You have reached level 3!
Your experience leads to an increase in your attributes!
Increase (s)trength, (i)ntelligence, or (d)exterity?
You feel stronger. x2; Your demonic ancestry asserts itself...
A menacing aura infuses your magic.
MP restored: 3 Are you sure you want to abandon this character and quit the game? (Confirm with "yes".)

#.....###########
#...†............
###.#####.....###
#.# #.....### #.#
###........
#.###.......###
#.#...#^....####
#.#.#######....#
#@#>......#....#
#†#.#####......#
#.#.#######....#
#?#.#..........###
#.#.#..........##.
#.#.#...........#.
#.#.#...........#.
#.#.###########...
#.# ##..


There were no monsters in sight!

Vanquished Creatures
  3 adders (D:2)
  A bat (D:2)
  A hobgoblin (D:2)
  3 jackals (D:2)
8 creatures vanquished.

Notes
Turn   | Place    | Note
-------+----------+-------------------------------------------
     0 | D:1      | Dirtsage the Demonspawn Berserker began the quest for the
                  | Orb.
     0 | D:1      | Reached XP level 1. HP: 18/18 MP: 1/1
    56 | D:1      | You fall into a shaft and drop 1 floor!
    66 | D:2      | Found Seneczac's Weapon Boutique.
    74 | D:2      | Gained mutation: You have a small tail. [demonic ancestry]
    74 | D:2      | Reached XP level 2. HP: 9/24 MP: 2/2
   284 | D:2      | Gained mutation: Spells you cast may paralyse adjacent
                  | enemies. [demonic ancestry]
   284 | D:2      | Reached XP level 3. HP: 12/29 MP: 3/3
   284 | D:2      | Quit the game

Illustrated notes

Levels and vault maps discovered:
D:1:      psy_arrival_spokes, layout_basic, shapermc_ecumenical_altar_rom_forum,
          minmay_misc_feat_tiny, minmay_vboxes
D:2:      layout_basic, serial_shops, nicolae_diamond_shop, basic_altar,
          serial_bayou_ford_a

Skill      XL: |  1 |
---------------+----+-----
Axes           | 3 |  3.9
Fighting       | |  3.0
Armour         | |  1.7
Dodging        | |  1.7

Action                     || total
---------------------------++-------
  Melee: Hand axe          ||    29
         Tailslap          ||     1
 Invoke: Berserk           ||     2
 Armour: Animal skin       ||     3
  Dodge: Dodged            ||    30

Table legend: (Time is in decaauts)
 A = Elapsed time spent in this place.
 B = Non-inter-level travel time spent in this place.
 C = Inter-level travel time spent in this place.
 D = Time resting spent in this place.
 E = Time spent auto-exploring this place.
 F = Levels seen in this place.
 G = Mean time per level.
                   A        B        C        D        E       F      G
               +--------+--------+--------+--------+--------+-----+--------+
         Total |    293 |    293 |      0 |     76 |    154 |   2 |  146.5 |
       Dungeon |    293 |    293 |      0 |     76 |    154 |   2 |  146.5 |
               +--------+--------+--------+--------+--------+-----+--------+

Top non-repeatable levels by time:
     D:2: 237 daAuts
     D:1: 56 daAuts
